AoeStats
← PanicWaller

Arena

513255985Analyzed
3v3 RM · 5d ago on Oct 12, 2026· 37m 54s· 6 players
Game mode
Random Map
Map size
Normal (6 player)
Population
200
Speed
Normal
Resources
Standard
Victory
Conquest
Starting age
Dark Age
Ending age
Imperial Age
RankedLock teamsTeams togetherTeam positionsShared explorationLock speedFull tech treeHidden civsTurbo modeCheats
Victory
Defeat
🇺🇸 Cumans · United States
1586
+13
🇩🇪 Celts · Germany
1482
+17
🇲🇽 Japanese · Mexico
1470
+17
vs
🇦🇷 Britons · Argentina
1575
-19
🇦🇷 Burgundians · Argentina
1493
-15
🇦🇷 Byzantines · Argentina
1438
-13
Duaaa
9:08 Feudal Age
10:14 Double-Bit Axe
10:58 Man-at-Arms
12:54 Scale Mail Armor
15:10 Horse Collar
16:08 Forging
19:06 Wheelbarrow
22:48 Castle Age
22:37 Gold Mining
23:43 Bow Saw
23:52 Chain Mail Armor
23:24 Gambesons
23:39 Squires
23:01 Long Swordsman
24:41 Iron Casting
26:12 Arson
31:18 Hand Cart
32:25 Town Watch
32:26 Loom
35:12 Heavy Plow
36:10 Gold Shaft Mining
35:26 Stone Mining
39:44 Imperial Age
37:50 Fletching
Shikamaru_
6:22 Loom
8:39 Feudal Age
10:05 Double-Bit Axe
19:30 Horse Collar
23:49 Castle Age
22:55 Wheelbarrow
25:18 Hand Cart
25:16 Bow Saw
24:59 Gold Mining
25:15 Heavy Plow
25:45 Town Watch
31:32 Imperial Age
29:58 Scale Barding Armor
30:04 Forging
30:49 Gold Shaft Mining
30:07 Stone Mining
30:38 Bloodlines
31:28 Chain Barding Armor
31:38 Elite Steppe Lancer
33:31 Plate Barding Armor
34:20 Iron Casting
36:22 Conscription
37:19 Two-Man Saw
39:18 Blast Furnace
PanicWaller
10:22 Feudal Age
14:18 Castle Age
12:09 Double-Bit Axe
12:41 Horse Collar
15:24 Bow Saw
20:52 Wheelbarrow
21:14 Loom
23:46 Hand Cart
24:21 Town Watch
29:13 Imperial Age
28:22 Gold Mining
28:23 Stone Mining
29:14 Fletching
30:16 Capped Ram
31:16 Bodkin Arrow
31:36 Masonry
31:01 Siege Ram
32:55 Onager
35:16 Chemistry
34:22 Siege Engineers
34:35 Furor Celtica
34:45 Conscription
34:30 Siege Onager
36:22 Furor Celtica
36:33 Conscription
istorm
4:21 Double-Bit Axe
7:11 Loom
8:05 Wheelbarrow
10:14 Feudal Age
12:06 Bow Saw
11:37 Horse Collar
14:35 Loom
17:20 Castle Age
19:03 Forging
31:32 Scale Barding Armor
31:24 Fletching
32:37 Hand Cart
32:39 Bodkin Arrow
36:14 Chain Barding Armor
38:46 Iron Casting
Venami | Agente P1T0 007 Cm
11:13 Feudal Age
14:54 Castle Age
12:36 Horse Collar
12:42 Double-Bit Axe
16:08 Bow Saw
15:58 Heavy Plow
19:36 Wheelbarrow
23:03 Hand Cart
24:39 Gold Mining
24:39 Stone Mining
25:58 Gold Shaft Mining
26:28 Town Watch
26:29 Loom
29:41 Imperial Age
27:25 Fletching
27:35 Padded Archer Armor
28:33 Ballistics
28:24 Masonry
28:44 Bodkin Arrow
28:58 Treadmill Crane
31:33 Chemistry
30:40 Siege Engineers
31:06 Architecture
33:55 Chemistry
34:35 Conscription
34:16 Bracer
36:25 Elite Longbowman
36:53 Onager
Cinco
9:51 Feudal Age
11:29 Loom
14:11 Castle Age
12:29 Double-Bit Axe
20:20 Castle Age
30:58 Wheelbarrow
32:54 Horse Collar
34:25 Bow Saw
34:57 Heavy Plow
36:36 Wheelbarrow
Connection lost

Rejoining the realm…

Still unreachable

The connection could not be restored.

Session expired

The server has moved on; the page needs a fresh start.